| TOP OF THE 1ST |
|
Trenton Thunder batting - Pitching for Arkansas Travelers : RHP Hector Carrizales
|
|
Pitching: RHP Hector Carrizales
|
|
|
Batting: RHB Christian Shearer
|
0-0: Called Strike 0-1: Fly out, F8 (Flyball, 8RXD, EV 86.2 MPH)
|
|
Batting: SHB David Stewart
|
0-0: Called Strike 0-1: Ground out 4-3 (Groundball, 4M, EV 86.9 MPH)
|
|
Batting: LHB Jared Zulkowski
|
0-0: SINGLE (Flyball, 6D, EV 91.2 MPH)
|
|
Batting: RHB Sam Hubbert
|
0-0: SINGLE (Groundball, 4MD, EV 108.8 MPH) Jared Zulkowski to second
|
|
Batting: RHB Phil Reeves
|
0-0: Called Strike 0-1: Ball 1-1: Called Strike 1-2: Ball 2-2: Fly out, F8 (Flyball, 89M, EV 93.8 MPH)
|
| Top of the 1st over - 0 runs, 2 hits, 0 errors, 2 left on base; Trenton 0 - Arkansas 0 |
| BOTTOM OF THE 1ST |
|
Arkansas Travelers batting - Pitching for Trenton Thunder : LHP Jon Moore
|
|
Pitching: LHP Jon Moore
|
|
|
Batting: RHB Jose Ramirez
|
0-0: Ball 1-0: SINGLE (Groundball, 56D, EV 88.8 MPH) (infield hit)
|
|
Batting: LHB Griffin Ferris
|
0-0: Called Strike 0-1: Ball 1-1: Foul Ball, location: 2F 1-2: Fly out, F8 (Flyball, 8RM, EV 93.8 MPH)
|
|
Batting: RHB Juan Montez
|
0-0: Ball Jose Ramirez steals 2nd base 1-0: Called Strike 1-1: Ball 2-1: Called Strike 2-2: Foul Ball, location: 2F 2-2: Strikes out swinging
|
|
Batting: LHB Mark Reeg
|
0-0: Ball 1-0: Swinging Strike 1-1: Swinging Strike 1-2: Ball 2-2: SINGLE (Groundball, 34S, EV 87.5 MPH) (infield hit) Jose Ramirez to third
|
|
Batting: RHB Ryuji Ito
|
0-0: Called Strike 0-1: Ball 1-1: Ball 2-1: Ball 3-1: Base on Balls Mark Reeg to second
|
|
Batting: RHB Danny Bjarnson
|
0-0: Swinging Strike 0-1: Ball 1-1: Called Strike 1-2: Ball 2-2: Fly out, F9 (Line Drive, 9, EV 91.2 MPH)
|
| Bottom of the 1st over - 0 runs, 2 hits, 0 errors, 3 left on base; Trenton 0 - Arkansas 0 |
| TOP OF THE 2ND |
|
Trenton Thunder batting - Pitching for Arkansas Travelers : RHP Hector Carrizales
|
|
Batting: SHB Houston Phillips
|
0-0: Called Strike 0-1: Swinging Strike 0-2: Ball 1-2: Ball 2-2: Foul Ball, location: 2F 2-2: Ball 3-2: Foul Ball, location: 2F 3-2: Strikes out swinging
|
|
Batting: RHB Nazeeh Zubair
|
0-0: Ball 1-0: Ball 2-0: Ball 3-0: Called Strike 3-1: Called Strike 3-2: Ground out 6-3 (Groundball, 6, EV 89.4 MPH)
|
|
Batting: RHB Ben Kidder
|
0-0: Fly out, F8 (Flyball, 8LD, EV 103.1 MPH)
|
| Top of the 2nd over - 0 runs, 0 hits, 0 errors, 0 left on base; Trenton 0 - Arkansas 0 |
| BOTTOM OF THE 2ND |
|
Arkansas Travelers batting - Pitching for Trenton Thunder : LHP Jon Moore
|
|
Batting: RHB Kinya Nishimura
|
0-0: Ball 1-0: Fly out, F7 (Flyball, 78S, EV 86.2 MPH)
|
|
Batting: LHB Barrfhionn O'Toole
|
0-0: Ball 1-0: Foul Ball, location: 2F 1-1: Ground out 6-3 (Groundball, 6, EV 86.2 MPH)
|
|
Batting: LHB Larry Prey
|
0-0: Called Strike 0-1: Called Strike 0-2: Fly out, F8 (Flyball, 8LM, EV 96.2 MPH)
|
| Bottom of the 2nd over - 0 runs, 0 hits, 0 errors, 0 left on base; Trenton 0 - Arkansas 0 |
| TOP OF THE 3RD |
|
Trenton Thunder batting - Pitching for Arkansas Travelers : RHP Hector Carrizales
|
|
Batting: LHB Bart Davies
|
0-0: Called Strike 0-1: Foul Ball, location: 2F 0-2: Ball 1-2: Ball 2-2: Ground out 5-3 (Groundball, 56S, EV 90.0 MPH)
|
|
Batting: RHB Christian Shearer
|
0-0: Swinging Strike 0-1: Foul Ball, location: 2F 0-2: Ground out 6-3 (Groundball, 6MS, EV 70.0 MPH)
|
|
Batting: SHB David Stewart
|
0-0: Ball 1-0: Swinging Strike 1-1: Called Strike 1-2: Ground out 1-3 (Groundball, 13S, EV 61.9 MPH)
|
| Top of the 3rd over - 0 runs, 0 hits, 0 errors, 0 left on base; Trenton 0 - Arkansas 0 |
| BOTTOM OF THE 3RD |
|
Arkansas Travelers batting - Pitching for Trenton Thunder : LHP Jon Moore
|
|
Batting: RHB Jose Ramirez
|
0-0: Foul Ball, location: 2F 0-1: Ball 1-1: Foul Ball, location: 2F 1-2: Strikes out swinging
|
|
Batting: LHB Griffin Ferris
|
0-0: Ball 1-0: Swinging Strike 1-1: Foul Ball, location: 2F 1-2: SINGLE (Groundball, 56D, EV 108.1 MPH)
|
|
Batting: RHB Juan Montez
|
0-0: Called Strike Griffin Ferris steals 2nd base 0-1: SINGLE (Groundball, 13S, EV 67.5 MPH) (infield hit) Griffin Ferris to third
|
|
Batting: LHB Mark Reeg
|
0-0: Ball 1-0: Called Strike 1-1: Swinging Strike 1-2: Ground out U3 (Groundball, 3S, EV 63.1 MPH) Griffin Ferris scores Juan Montez to second
|
|
Batting: RHB Ryuji Ito
|
0-0: Ball 1-0: Called Strike 1-1: Foul Ball, location: 2F 1-2: Ball 2-2: Ground out 6-3 (Groundball, 6MS, EV 88.1 MPH)
|
| Bottom of the 3rd over - 1 run, 2 hits, 0 errors, 1 left on base; Trenton 0 - Arkansas 1 |
| TOP OF THE 4TH |
|
Trenton Thunder batting - Pitching for Arkansas Travelers : RHP Hector Carrizales
|
|
Batting: LHB Jared Zulkowski
|
0-0: Ball 1-0: Ball 2-0: SOLO HOME RUN (Flyball, 7D, EV 96.9 MPH), Distance : 374 ft
|
|
Batting: RHB Sam Hubbert
|
0-0: Called Strike 0-1: Ball 1-1: Fly out, F9 (Flyball, 9S, EV 84.4 MPH)
|
|
Batting: RHB Phil Reeves
|
0-0: Ball 1-0: Called Strike 1-1: Called Strike 1-2: Reached on error, E6 (Groundball, 6, EV 79.4 MPH)
|
|
Batting: SHB Houston Phillips
|
0-0: Foul Ball, location: 2F 0-1: Swinging Strike 0-2: Ball 1-2: Foul Ball, location: 2F 1-2: Ball 2-2: Ball 3-2: Base on Balls Phil Reeves to second
|
|
Batting: RHB Nazeeh Zubair
|
0-0: Ball 1-0: Ball 2-0: Called Strike 2-1: Foul Ball, location: 2F 2-2: Ball 3-2: Fielders Choice at 2nd, 3-6 (Groundball, 34, EV 89.4 MPH) Phil Reeves to third
|
|
Batting: RHB Ben Kidder
|
0-0: Called Strike 0-1: Ball 1-1: Ball 2-1: Swinging Strike 2-2: Foul Ball, location: 2F 2-2: Foul Ball, location: 2F 2-2: Ball 3-2: Base on Balls Nazeeh Zubair to second
|
|
Batting: LHB Bart Davies
|
0-0: SINGLE (Groundball, 4M, EV 78.8 MPH) (infield hit) Phil Reeves scores Nazeeh Zubair to third Ben Kidder to second
|
|
Batting: RHB Christian Shearer
|
0-0: Ball 1-0: Ball 2-0: Ball 3-0: Base on Balls Nazeeh Zubair scores Ben Kidder to third Bart Davies to second
|
|
Batting: SHB David Stewart
|
0-0: Fielders Choice at 2nd, 6-4 (Groundball, 6, EV 100.6 MPH)
|
| Top of the 4th over - 3 runs, 2 hits, 1 error, 3 left on base; Trenton 3 - Arkansas 1 |
| BOTTOM OF THE 4TH |
|
Arkansas Travelers batting - Pitching for Trenton Thunder : LHP Jon Moore
|
|
Batting: RHB Danny Bjarnson
|
0-0: DOUBLE (Groundball, 3L, EV 93.8 MPH)
|
|
Batting: RHB Kinya Nishimura
|
0-0: DOUBLE (Flyball, 89D, EV 110.0 MPH) Danny Bjarnson scores
|
|
Batting: LHB Barrfhionn O'Toole
|
0-0: Ball 1-0: Ground out 4-3 (Groundball, 34, EV 86.2 MPH) Kinya Nishimura to third
|
|
Batting: LHB Larry Prey
|
0-0: Ground out 1-3 (Groundball, 13, EV 68.1 MPH)
|
|
Batting: RHB Jose Ramirez
|
0-0: Called Strike 0-1: SINGLE (Line Drive, 4M, EV 100.0 MPH) Kinya Nishimura scores
|
|
Batting: LHB Griffin Ferris
|
0-0: Called Strike 0-1: Ball 1-1: Foul Ball, location: 2F 1-2: Foul Ball, location: 2F 1-2: Ball 2-2: Ball 3-2: Fly out, F8 (Flyball, 8LD, EV 88.1 MPH)
|
| Bottom of the 4th over - 2 runs, 3 hits, 0 errors, 1 left on base; Trenton 3 - Arkansas 3 |
| TOP OF THE 5TH |
|
Trenton Thunder batting - Pitching for Arkansas Travelers : RHP Hector Carrizales
|
|
Batting: LHB Jared Zulkowski
|
0-0: Ball 1-0: Called Strike 1-1: Foul Ball, location: 2F 1-2: Strikes out swinging
|
|
Pitching: RHP Jose Alvarado
|
|
|
Batting: RHB Sam Hubbert
|
0-0: Ball 1-0: Ball 2-0: Called Strike 2-1: SOLO HOME RUN (Flyball, 9D, EV 95.0 MPH), Distance : 382 ft
|
|
Batting: RHB Phil Reeves
|
0-0: Called Strike 0-1: Called Strike 0-2: Ball 1-2: Ball 2-2: Foul Ball, location: 2F 2-2: Ground out 6-3 (Groundball, 6, EV 80.0 MPH)
|
|
Batting: SHB Houston Phillips
|
0-0: Ball 1-0: Foul Ball, location: 2F 1-1: Ball 2-1: Ground out 6-3 (Groundball, 6, EV 90.6 MPH)
|
| Top of the 5th over - 1 run, 1 hit, 0 errors, 0 left on base; Trenton 4 - Arkansas 3 |
| BOTTOM OF THE 5TH |
|
Arkansas Travelers batting - Pitching for Trenton Thunder : LHP Jon Moore
|
|
Batting: RHB Juan Montez
|
0-0: SINGLE (Groundball, 34D, EV 103.1 MPH)
|
|
Batting: LHB Mark Reeg
|
0-0: Ball 1-0: Ball 2-0: Called Strike 2-1: Fly out, F3 (Popup, 3SF, EV 86.9 MPH)
|
|
Batting: RHB Ryuji Ito
|
0-0: Ball 1-0: Called Strike Juan Montez steals 2nd base 1-1: Foul Ball, location: 2F 1-2: Ball 2-2: Ball 3-2: SINGLE (Flyball, 8RS, EV 91.9 MPH) Juan Montez to third
|
|
Batting: RHB Danny Bjarnson
|
0-0: Ball 1-0: Grounds out, U3 (Groundball, 3L, EV 106.9 MPH) Juan Montez scores
|
|
Batting: RHB Kinya Nishimura
|
0-0: Foul Ball, location: 2F 0-1: Foul Ball, location: 2F 0-2: SINGLE (Line Drive, 56, EV 97.5 MPH) Ryuji Ito to third Runner from 3rd tries for Home, SAFE, throw by LF to home
|
|
Pitching: RHP Joe Shaw
|
|
|
Batting: LHB Barrfhionn O'Toole
|
Pickoff Throw to First - Out! 1-3
|
| Bottom of the 5th over - 2 runs, 3 hits, 0 errors, 0 left on base; Trenton 4 - Arkansas 5 |
| TOP OF THE 6TH |
|
Trenton Thunder batting - Pitching for Arkansas Travelers : RHP Jose Alvarado
|
|
Batting: RHB Nazeeh Zubair
|
0-0: Ball 1-0: Called Strike 1-1: Fly out, F9 (Flyball, 9S, EV 90.0 MPH)
|
|
Batting: RHB Ben Kidder
|
0-0: Called Strike 0-1: Ball 1-1: Swinging Strike 1-2: Strikes out swinging
|
|
Batting: LHB Bart Davies
|
0-0: Called Strike 0-1: Ball 1-1: Called Strike 1-2: Ball 2-2: Foul Ball, location: 2F 2-2: Foul Ball, location: 2F 2-2: Ball 3-2: Ground out 4-3 (Groundball, 4, EV 85.0 MPH)
|
| Top of the 6th over - 0 runs, 0 hits, 0 errors, 0 left on base; Trenton 4 - Arkansas 5 |
| BOTTOM OF THE 6TH |
|
Arkansas Travelers batting - Pitching for Trenton Thunder : RHP Joe Shaw
|
|
Batting: LHB Barrfhionn O'Toole
|
0-0: Ground out 4-3 (Groundball, 4, EV 100.0 MPH)
|
|
Batting: LHB Larry Prey
|
0-0: Swinging Strike 0-1: Fly out, F6 (Line Drive, 4MD, EV 65.0 MPH)
|
|
Batting: RHB Jose Ramirez
|
0-0: Called Strike 0-1: Ball 1-1: Fly out, F7 (Flyball, 7D, EV 85.6 MPH)
|
| Bottom of the 6th over - 0 runs, 0 hits, 0 errors, 0 left on base; Trenton 4 - Arkansas 5 |
| TOP OF THE 7TH |
|
Trenton Thunder batting - Pitching for Arkansas Travelers : RHP Jose Alvarado
|
|
Batting: RHB Christian Shearer
|
0-0: Called Strike 0-1: Ball 1-1: Ball 2-1: Ball 3-1: Called Strike 3-2: Foul Ball, location: 2F 3-2: Base on Balls
|
|
Batting: SHB David Stewart
|
0-0: Ball Christian Shearer steals 2nd base 1-0: Called Strike 1-1: Foul Ball, location: 2F 1-2: SINGLE (Line Drive, 9LS, EV 106.2 MPH) Christian Shearer to third
|
|
Batting: LHB Jared Zulkowski
|
0-0: Called Strike 0-1: Foul Ball, location: 2F 0-2: Ball 1-2: Ball David Stewart is caught stealing 2nd base 2-6 2-2: Foul Ball, location: 2F 2-2: Foul Ball, location: 2F 2-2: Ball 3-2: Base on Balls
|
|
Batting: RHB Sam Hubbert
|
0-0: Foul Ball, location: 2F 0-1: Ball 1-1: Swinging Strike 1-2: Ball 2-2: Ball 3-2: Strikes out looking
|
|
Batting: RHB Phil Reeves
|
0-0: Foul Ball, location: 2F 0-1: SINGLE (Line Drive, 4M, EV 95.0 MPH) Christian Shearer scores Jared Zulkowski to second
|
|
Pitching: RHP Eddie Garabito
|
|
|
Batting: SHB Houston Phillips
|
0-0: Ball 1-0: Ball 2-0: Ball 3-0: Called Strike 3-1: Ground out 1-3 (Groundball, 13S, EV 71.9 MPH)
|
| Top of the 7th over - 1 run, 2 hits, 0 errors, 2 left on base; Trenton 5 - Arkansas 5 |
| BOTTOM OF THE 7TH |
|
Arkansas Travelers batting - Pitching for Trenton Thunder : RHP Joe Shaw
|
|
Batting: LHB Griffin Ferris
|
0-0: Foul Ball, location: 2F 0-1: Foul Ball, location: 2F 0-2: Ball 1-2: Ball 2-2: Ball 3-2: SINGLE (Flyball, 78S, EV 93.1 MPH)
|
|
Batting: RHB Juan Montez
|
0-0: Ball 1-0: DOUBLE (Line Drive, 7LM, EV 95.0 MPH) Griffin Ferris to third
|
|
Batting: LHB Mark Reeg
|
0-0: Ball 1-0: Ball 2-0: Ball 3-0: Called Strike 3-1: Called Strike 3-2: Fly out, F9 (Line Drive, 9S, EV 90.0 MPH)
|
|
Batting: RHB Ryuji Ito
|
0-0: Called Strike 0-1: Ball 1-1: Called Strike 1-2: Foul Ball, location: 2F 1-2: Strikes out swinging
|
|
Pinch Hitting: LHB Justin Balthazor
|
0-0: SINGLE (Groundball, 34D, EV 105.0 MPH) Griffin Ferris scores Juan Montez to third Runner from 3rd tries for Home, SAFE, throw by RF to home
|
|
Batting: RHB Kinya Nishimura
|
0-0: Ball 1-0: Foul Ball, location: 2F 1-1: Foul Ball, location: 2F 1-2: Ground out 6-3 (Groundball, 6S, EV 87.5 MPH)
|
| Bottom of the 7th over - 2 runs, 3 hits, 0 errors, 1 left on base; Trenton 5 - Arkansas 7 |
| TOP OF THE 8TH |
|
Trenton Thunder batting - Pitching for Arkansas Travelers : RHP Eddie Garabito
|
|
Now at 3B: Phil Knox
|
|
|
Batting: RHB Nazeeh Zubair
|
0-0: Ground out 6-3 (Groundball, 6, EV 103.8 MPH)
|
|
Pinch Hitting: LHB Victor Fiallos
|
0-0: Ball 1-0: Foul Ball, location: 2F 1-1: Swinging Strike 1-2: Strikes out looking
|
|
Batting: LHB Bart Davies
|
0-0: Ground out U3 (Groundball, 3L, EV 76.2 MPH)
|
| Top of the 8th over - 0 runs, 0 hits, 0 errors, 0 left on base; Trenton 5 - Arkansas 7 |
| BOTTOM OF THE 8TH |
|
Arkansas Travelers batting - Pitching for Trenton Thunder : RHP Joe Shaw
|
|
Pitching: RHP Angel Gutierres
|
|
|
Now at 3B: Roberto Tena
|
|
|
Batting: LHB Barrfhionn O'Toole
|
0-0: Ball 1-0: Ball 2-0: Called Strike 2-1: SINGLE (Groundball, 4MD, EV 96.9 MPH)
|
|
Batting: LHB Larry Prey
|
0-0: Bunt missed! 0-1: Bunt missed! 0-2: Foul Ball, location: 2F 0-2: Ball 1-2: Fly out, F9 (Flyball, 89D, EV 82.5 MPH)
|
|
Batting: RHB Jose Ramirez
|
0-0: Ball 1-0: Called Strike 1-1: Ball 2-1: Foul Ball, location: 2F 2-2: Foul Ball, location: 2F 2-2: Fly out, F8 (Flyball, 8LXD, EV 107.5 MPH)
|
|
Batting: LHB Griffin Ferris
|
0-0: Ball 1-0: Foul Ball, location: 2F 1-1: Ball 2-1: Ball 3-1: SINGLE (Line Drive, 9S, EV 91.9 MPH) Barrfhionn O'Toole to second
|
|
Pitching: RHP David Durr
|
|
|
Batting: RHB Juan Montez
|
0-0: Ball 1-0: Ball 2-0: Called Strike 2-1: Fly out, F7 (Flyball, 7D, EV 96.2 MPH)
|
| Bottom of the 8th over - 0 runs, 2 hits, 0 errors, 2 left on base; Trenton 5 - Arkansas 7 |
| TOP OF THE 9TH |
|
Trenton Thunder batting - Pitching for Arkansas Travelers : RHP Eddie Garabito
|
|
Pitching: RHP Chris DePalma
|
|
|
Now in LF: Davey Verhoog
|
|
|
Batting: RHB Christian Shearer
|
0-0: Fly out, F8 (Flyball, 8RM, EV 90.6 MPH)
|
|
Batting: SHB David Stewart
|
0-0: Called Strike 0-1: Ball 1-1: Swinging Strike 1-2: Fly out, F8 (Flyball, 8RM, EV 90.0 MPH)
|
|
Batting: LHB Jared Zulkowski
|
0-0: Foul Ball, location: 2F 0-1: Called Strike 0-2: Ball 1-2: Ball 2-2: Ball 3-2: Ground out U3 (Groundball, 34, EV 107.5 MPH)
|
| Top of the 9th over - 0 runs, 0 hits, 0 errors, 0 left on base; Trenton 5 - Arkansas 7 |
|